 Dungeon Crawl Stone Soup version 0.17-a0-1691-g18a3847 (webtiles) character file.

302 ololoev the Cutter (level 6, -1/48 HPs)
             Began as a Draconian Warper on Aug 20, 2015.
             Slain by an orc priest
             ... wielding a +0 mace
              (5 damage)
             ... on level 3 of the Dungeon.
             The game lasted 00:10:49 (4651 turns).

ololoev the Cutter (Draconian Warper)               Turns: 4651, Time: 00:10:49

Health: -1/48      AC:  6    Str: 18    XL:     6   Next: 14%
Magic:  9/9        EV: 12    Int: 16    God:
Gold:   127        SH:  0    Dex: 10    Spells: 2 memorised, 6 levels left

rFire  x . .     SeeInvis .     a - +0 short sword
rCold  + . .     Clarity  .     (armour unavailable)
rNeg   . . .     SustAt   .     (no shield)
rPois  .         Gourm    .     (helmet restricted)
rElec  .         Spirit   .     (no cloak)
rCorr  .         Warding  .     (no gloves)
rMut   .         Stasis   .     (no boots)
MR     .....                    (no amulet)
Stlth  +.........               (no ring)
                                o - ring of ice

@: mighty, not resistant to hostile enchantments, very unstealthy
A: unfitting armour, cold-blooded, AC +6
a: no special abilities


Innate Abilities, Weirdness & Mutations

Your plain brown scales are hard (AC +6).
Your body does not fit into most forms of armour.
You are cold-blooded and may be slowed by cold attacks.

Inventory:

Hand weapons
 a - a +0 short sword (weapon)
Jewellery
 o - a ring of ice (left hand)
Magical devices
 s - a wand of fireball (3)
Scrolls
 c - a scroll of blinking
 g - a scroll of fear {unknown}
 h - a scroll of teleportation {unknown}
 j - a scroll of fog {unknown}
 m - 2 scrolls of immolation {unknown}
 q - 3 scrolls of remove curse {unknown}
 t - a scroll of enchant armour {unknown}
Potions
 f - a potion of might
 r - a potion of haste {unknown}
Books
 b - a book of Spatial Translocations

   Spells                             Type                      Level
   a - Apportation                    Translocation                1
   b - Blink                          Translocation                2
   c - Shroud of Golubria             Charms/Translocation         2
   d - Portal Projectile              Translocation                3
   e - Teleport Other                 Translocation                3
   f - Passage of Golubria            Translocation                4
Comestibles
 e - 2 bread rations
 k - 2 slices of pizza
 l - 2 meat rations
 n - 3 fruits


   Skills:
 - Level 2.1 Fighting
 * Level 5.4 Short Blades
 + Level 3.2 Throwing
 - Level 2.1 Dodging
 - Level 2.0 Spellcasting
 - Level 3.0 Translocations


You had 6 spell levels left.
You knew the following spells:

 Your Spells              Type           Power        Failure   Level  Hunger
a - Apportation           Tloc           ##........   8%          1    #......
b - Blink                 Tloc           N/A          10%         2    ###....


You were on level 3 of the Dungeon.
You were not hungry.

You visited 1 branch of the dungeon, and saw 4 of its levels.

You collected 127 gold pieces.

#.# #.# ### #[# #.# #..
#.# ##.## #o# #.#
######...## #.# #.#
#.........# #.#
#.#####........########.#
#..................o....#
#######.....#.###########
#.@o..#.# #######.# #.#
#.# #.# ############ #.#
#.......##.####.####
#####
#.###.#.#.#.##..(..#
#....
#.##.....###.#.###.#
#.###

Notes
Turn   | Place    | Note
--------------------------------------------------------------
     0 | D:1      | ololoev the Draconian Warper began the quest for the Orb.
     0 | D:1      | Reached XP level 1. HP: 17/17 MP: 3/3
    59 | D:1      | Reached skill level 1 in Throwing
   120 | D:1      | Reached XP level 2. HP: 12/24 MP: 5/5
   292 | D:1      | Learned a level 2 spell: Blink
   889 | D:1      | Reached XP level 3. HP: 29/29 MP: 6/6
  1249 | D:2      | Found a deep blue altar of Sif Muna.
  1363 | D:2      | Noticed Natasha
  1388 | D:2      | Killed Natasha
  1388 | D:2      | Reached XP level 4. HP: 11/36 MP: 7/7
  1632 | D:2      | Reached skill level 4 in Short Blades
  1805 | D:2      | Found a snail-covered altar of Cheibriados.
  1832 | D:2      | Noticed Robin
  2274 | D:2      | Noticed Natasha
  2296 | D:2      | Killed Natasha
  2296 | D:2      | Reached XP level 5. HP: 11/41 MP: 8/8
  2714 | D:2      | Killed Robin
  2817 | D:2      | Noticed Natasha
  2823 | D:2      | Killed Natasha
  2861 | D:3      | Found a deep blue altar of Sif Muna.
  3369 | D:3      | Reached skill level 5 in Short Blades
  4462 | D:3      | Reached XP level 6. HP: 36/48 MP: 9/9
  4651 | D:3      | Slain by an orc priest

Dungeon Overview and Level Annotations

Branches:
Dungeon (4/15)
 Temple: D:4-7

Altars:
Cheibriados
Sif Muna


Message History

You hit the orc priest but do no damage.
The orc priest is moderately wounded.
The orc priest hits you with a mace.
You hit the orc priest.
The orc priest is heavily wounded.
The orc priest closely misses you.
You barely miss the orc priest.
The orc priest is heavily wounded.
You hit the orc priest but do no damage.
The orc priest is heavily wounded.
The orc priest barely misses you.
You hit the orc priest.
Your tail-slap misses the orc priest.
The orc priest is severely wounded.
The orc priest hits you with a mace.
You hit the orc priest but do no damage.
The orc priest is severely wounded.
You hit the orc priest.
The orc priest is severely wounded.
The orc priest barely misses you.
You hit the orc priest but do no damage.
The orc priest is severely wounded.
The orc priest barely misses you.
You hit the orc priest but do no damage.
You tail-slap the orc priest, but do no damage.
The orc priest is severely wounded.
You closely miss the orc priest.
Your tail-slap misses the orc priest.
The orc priest is severely wounded.
The orc priest mumbles some strange prayers to Beogh against you.
Something smites you!
You hit the orc priest but do no damage.
The orc priest is severely wounded.
The orc priest hits you but does no damage.
You hit the orc priest but do no damage.
The orc priest is severely wounded.
The orc priest completely misses you.
Drink which item? (? for menu, Esc to quit)
It was a potion of might.
You feel very mighty all of a sudden. The orc priest hits you with a mace.
You die...

You could see an orc priest.

Vanquished Creatures
  An orc priest (D:3)
  An orc wizard (D:4)
  Natasha (thrice) (D:2)
  Robin (D:2)
  6 adders
  3 oozes
  5 worms
  2 giant geckos
  5 orcs
  6 bats
  3 giant cockroaches
  18 goblins
  11 hobgoblins
  4 jackals (D:1)
  6 kobolds
  A ball python (D:2)
  5 giant newts
  45 rats
126 creatures vanquished.

Action                   |  1- 3 |  4- 6 || total
-------------------------+-------+-------++-------
Melee: Short sword       |   173 |   343 ||   516
Throw: Javelin           |     1 |    18 ||    19
       Tomahawk          |       |     5 ||     5
 Cast: Blink             |       |     4 ||     4
  Use: Potion            |       |     3 ||     3
 Stab: Distracted        |     1 |       ||     1
       Sleeping          |     1 |       ||     1
  Eat: Chunk             |     2 |     9 ||    11
       Beef jerky        |       |     1 ||     1

Vault maps used:
D:1:      dpeg_arrival_central, wad_floor_pattern_untrapped,
          minmay_misc_feat_roman
D:2:      kennysheep_big_flooded_room, old_standard_altar, led_sif_pool,
          uniq_natasha, uniq_robin
D:3:      old_standard_altar, minmay_rats_cheesy_pizza
D:4:      grunt_qazlal_sundering, nicolae_overflow_crystal_walls, first_bread,
          serial_shops, shop_fountains, grunt_decor_one_mirror,
          minmay_ogre_servants, uniq_sigmund
